 Dungeon Sprint DCSS version 0.30.1-4-g462c640d31 (webtiles) character file.

Game seed: 10519911183126444642

17357 Heoruswealwe the Executioner (level 12, -45/112 HPs)
             Began as a Hill Orc Fighter on Aug 24, 2023.
             Was the Champion of the Shining One.
             Killed from afar by a fire giant (47 damage)
             ... with a bolt of fire
             ... in the Dungeon (Sprint I: "Red Sonja").
             The game lasted 00:37:15 (2837 turns).

Heoruswealwe the Executioner (Hill Orc Fighter)     Turns: 2837, Time: 00:37:17

Health: -45/112    AC: 19    Str: 24    XL:     12   Next: 47%
Magic:  20/25      EV: 10    Int:  8    God:    the Shining One [******]
Gold:   1751       SH:  7    Dex: 14    Spells: 11/11 levels left

rFire   . . .        a - +3 war axe
rCold   + + .        d - +2 buckler {rPois}
rNeg    + + +        c - +6 ring mail of the Blind Marksman {rC++ Will- Dex+4}
rPois   +            g - +0 helmet
rElec   .            (no cloak)
rCorr   .            f - +0 pair of gloves
SInv    .            e - +0 pair of boots
Will    .....        (no amulet)
Stlth   +            (no ring)
HPRegen 0.38/turn    (no ring)
MPRegen 0.19/turn

%: no teleportation, random rage (3%)
@: glowing
A: berserk 1, frail 1
a: Renounce Religion, Divine Shield, Cleansing Flame, Summon Divine Warrior,
Brand Weapon With Holy Wrath


You were in the Dungeon.
You worshipped the Shining One.
The Shining One was exalted by your worship.
You visited 1 branch You collected 2996 gold pieces.
You spent 1245 gold pieces at shops.

Inventory:

Hand Weapons
 a - a +3 war axe (weapon)
 b - the +1 sling of the Hidden Planets {heavy, rC+ rCorr}
   (You bought it in a shop in the Dungeon)

   rC:        It protects you from cold.
   rCorr:     It protects you from acid and corrosion.
Armour
 c - the +6 ring mail of the Blind Marksman (worn) {rC++ Will- Dex+4}
   (You bought it in a shop in the Dungeon)

   Dex:       It affects your dexterity (+4).
   rC:        It greatly protects you from cold.
   Will:      It decreases your willpower.
 d - a +2 buckler of poison resistance (worn)
 e - a +0 pair of boots (worn)
 f - a +0 pair of gloves (worn)
 g - a +0 helmet (worn)
 i - a +1 pair of gloves
 l - a +0 tower shield
Wands
 k - a wand of digging (1)
 n - a wand of light (4)
Scrolls
 j - 6 scrolls of identify
Potions
 h - 2 potions of curing
 m - 2 potions of might
 o - 2 potions of invisibility {unknown}


   Skills:
 + Level 17.2 Fighting
 * Level 24.9 Axes
 + Level 15.9 Armour
 - Level 3.2 Shields
 + Level 18.2 Invocations


You had 11 spell levels left.
You didn't know any spells.
Your spell library contained the following spells:

 Spells                   Type           Power      Damage    Failure   Level
 Dazzling Flash           Conj/Hex       0%         N/A       91%         3
 Ozocubu's Armour         Ice            0%         N/A       91%         3
 Vhi's Electric Charge    Tloc/Air       0%         N/A       91%         3
 Volatile Blastmotes      Fire/Tloc      0%         2d10      91%         3
 Iskenderun's Mystic Bla  Conj/Tloc      0%         2d3       100%        4
 Alistair's Intoxication  Tmut/Pois      0%         N/A       100%        5
 Arcjolt                  Conj/Air       0%         1d10      100%        5
 Borgnjor's Vile Clutch   Necr/Erth      0%         N/A       100%        5
 Eringya's Noxious Bog    Tmut/Pois      0%         N/A       100%        6
 Starburst                Conj/Fire      0%         6d3       100%        6
 Ozocubu's Refrigeration  Ice            0%         4d7       100%        7
 Maxwell's Capacitive Co  Air            0%         ∞         100%        8


Dungeon Overview and Level Annotations

Branches:
Dungeon (1/1)

Altars:
Cheibriados
Dithmenos
Elyvilon
Fedhas
Gozag
Hepliaklqana
Kikubaaqudgha
Makhleb
Nemelex Xobeh
Okawaru
Qazlal
Ru
Sif Muna
Trog
Uskayaw
Vehumet
Wu Jian
Xom
Yredelemnul
Zin
The Shining One
Jiyva
Lugonu

Shops:
D [=*:(*[(:*=*?:[((([[=


Innate Abilities, Weirdness & Mutations

You sometimes lose your temper in combat.
You are frail. (-10% HP)


Message History

The fire giant burns your angel.
Your angel hits the fire giant with a +2 whip of holy wrath!!
Your angel hits the fire giant with a +2 whip of holy wrath!
The fire giant completely misses your angel.
Your angel hits the fire giant with a +2 whip of holy wrath!
Your angel hits the fire giant with a +2 whip of holy wrath.
Your angel hits the fire giant but does no damage.
Your angel hits the fire giant with a +2 whip of holy wrath.
The fire giant barely misses your angel.
Your angel hits the fire giant with a +2 whip of holy wrath!!
The fire giant dies!
Your angel hits the fire giant but does no damage.
Your angel hits the fire giant with a +2 whip of holy wrath.
Your angel hits the fire giant with a +2 whip of holy wrath! x2
A fire giant comes into view.
It is wielding a +2 great sword of flaming.
The fire giant gestures at you while chanting.
The bolt of fire hits you!!
Your angel barely misses the fire giant.
Your angel hits the fire giant with a +2 whip of holy wrath!
Your angel hits the fire giant with a +2 whip of holy wrath!!
Your angel hits the fire giant with a +2 whip of holy wrath!
Your angel hits the fire giant but does no damage.
Your angel hits the fire giant with a +2 whip of holy wrath.
The fire giant misses your angel.
The fire giant gestures at your angel while chanting.
The bolt of fire hits your angel!!!
Your angel gestures.
Your angel is healed somewhat.
The fire giant hits your angel with a +2 great sword of flaming!!
The fire giant burns your angel!
Your angel dies!
Your angel dissolves into sparkling lights!
There is an open door here.
The fire giant casts a spell at you. The bolt of fire hits you!!!
* * * LOW HITPOINT WARNING * * *
The fire giant points at you and mumbles some strange words.
The bolt of fire hits the fire giant.
The fire giant resists.
The bolt of fire hits you!!!
You die...

#.○..○+.....##.#...#,,~,,*,****+*
###...#.....#..##..#,,~,**+*,,,,*
+.#...###++##.##)..#,,~**,,,,,,,,
#.#..###..###..#'###,,~*,,,,,,,,,
#.#○.####..###...#,~,,**,,,,,,,,,
#§##'#..#..#.###.#,~,,*,,,,,,,,,,
#§##.#○........#.#**,,*,,,,,,,,,,
+§####○°.......#.#,',,**,,,,,,,,,
#§#.!+......####@#,**+**,,,,,,,,,
#§#####○○.###..C.#,*~~~**,,,,,,,,
+§#,,,#####..C####^*~~~~**,,,,,,*
###,,,,,..).#**,^,,*~~~~~********
*,,,,,,,###**,,,,****~~~~*~~~~~*,
*,,,,,,**^,,,,,^,*,,*+~~~+~~,~~',
*,,,,,**,,,,,,,,,*,,,**~~*~~~~~*~
*,,,,,*,,,,,,,,,^*,,,,******'****
***********^^,,^,*,,,,*~~~~~~~~~~


You could see 2 fire giants.

Vanquished Creatures
  A lorocyproca (D)
  2 centaur warriors (D)
  Sonja (D)
  A deep troll (D)
  An oklob plant (D)
  7 unseen horrors (D)
  2 kobold demonologists (D)
  A hornet (D)
  A yak (D)
  A slime creature (D)
  Sigmund (D)
  11 hogs (D)
  2 redbacks (D)
  2 floating eyes (D)
  An ogre (D)
  7 necrophages (D)
  8 jellies (D)
  Ijyb (D)
51 creatures vanquished.

Vanquished Creatures (collateral kills)
  A daeva (D)
  A fire giant (D)
  A hydra (D)
  A lindwurm (D)
  8 shining eyes (D)
  4 demonic crawlers (D)
  A gargoyle (D)
  A meliai (D)
  2 hogs (D)
  5 floating eyes (D)
25 creatures vanquished.

Vanquished Creatures (others)
  2 ballistomycete spores (D)
2 creatures vanquished.

Grand Total: 78 creatures vanquished

Notes
Turn   | Place    | Note
-------+----------+-------------------------------------------
     0 | D        | Heoruswealwe the Hill Orc Fighter began the quest for the
                  | Orb.
     0 | D        | Reached XP level 1. HP: 19/19 MP: 1/1
     1 | D        | Noticed Ijyb
    13 | D        | Killed Ijyb
    14 | D        | Reached skill level 5 in Axes
    14 | D        | Reached XP level 2. HP: 14/28 MP: 1/4
    14 | D        | Reached XP level 3. HP: 18/35 MP: 1/5
    81 | D        | Noticed an ogre
    88 | D        | Killed an ogre
    89 | D        | Reached skill level 8 in Axes
    89 | D        | Reached skill level 5 in Armour
    89 | D        | Reached skill level 5 in Invocations
    89 | D        | Reached XP level 4. HP: 16/44 MP: 5/7
   193 | D        | Noticed Sigmund
   210 | D        | Killed Sigmund
   211 | D        | Reached skill level 10 in Axes
   211 | D        | Reached XP level 5. HP: 43/52 MP: 7/10
   211 | D        | Reached XP level 6. HP: 49/60 MP: 7/11
   246 | D        | Found an ornate altar of the Wu Jian Council.
   246 | D        | Found a shimmering blue altar of Sif Muna.
   248 | D        | Found a radiant altar of Vehumet.
   317 | D        | Found Fyxoe's Book Emporium.
   317 | D        | Found an ancient bone altar of Kikubaaqudgha.
   317 | D        | Found a hazy altar of Hepliaklqana.
   317 | D        | Found a stormy altar of Qazlal.
   317 | D        | Found a hide-covered altar of Uskayaw.
   317 | D        | Found a blossoming altar of Fedhas.
   317 | D        | Found a bloodstained altar of Trog.
   317 | D        | Found an iron altar of Okawaru.
   317 | D        | Found a basalt altar of Yredelemnul.
   317 | D        | Found a glowing golden altar of the Shining One.
   317 | D        | Found a snail-covered altar of Cheibriados.
   317 | D        | Found a sacrificial altar of Ru.
   317 | D        | Found a glowing silver altar of Zin.
   317 | D        | Found a shadowy altar of Dithmenos.
   317 | D        | Found a white marble altar of Elyvilon.
   317 | D        | Noticed a yak
   322 | D        | Killed a yak
   323 | D        | Reached skill level 12 in Axes
   323 | D        | Reached XP level 7. HP: 54/69 MP: 11/13
   323 | D        | Found an opulent altar of Gozag.
   324 | D        | Found a sparkling altar of Nemelex Xobeh.
   330 | D        | Became a worshipper of the Shining One
   371 | D        | Found a burning altar of Makhleb.
   371 | D        | Found a viscous altar of Jiyva.
   371 | D        | Found a shimmering altar of Xom.
   371 | D        | Found a corrupted altar of Lugonu.
   371 | D        | Noticed a slime creature
   379 | D        | Killed a slime creature
   380 | D        | Reached skill level 13 in Axes
   502 | D        | Noticed a kobold demonologist
   502 | D        | Reached * piety under the Shining One
   503 | D        | Noticed a kobold demonologist
   506 | D        | Killed a kobold demonologist
   506 | D        | Reached ** piety under the Shining One
   507 | D        | Reached skill level 10 in Fighting
   507 | D        | Reached skill level 14 in Axes
   507 | D        | Reached skill level 10 in Invocations
   507 | D        | Reached XP level 8. HP: 79/79 MP: 15/15
   509 | D        | Killed a kobold demonologist
   522 | D        | Noticed a centaur warrior
   523 | D        | Noticed a centaur warrior
   533 | D        | Killed a centaur warrior
   534 | D        | Reached skill level 16 in Axes
   534 | D        | Reached skill level 10 in Armour
   534 | D        | Reached XP level 9. HP: 23/89 MP: 15/17
   534 | D        | Killed a centaur warrior
   535 | D        | Reached skill level 17 in Axes
   540 | D        | Noticed a deep troll
   545 | D        | Killed a deep troll
   592 | D        | Found Goduas's Armour Emporium.
   757 | D        | Noticed a hornet
   757 | D        | Reached *** piety under the Shining One
   761 | D        | Killed a hornet
   762 | D        | Reached skill level 18 in Axes
   773 | D        | Noticed an oklob plant
   952 | D        | Killed an oklob plant
   953 | D        | Reached XP level 10. HP: 43/100 MP: 19/19
  1340 | D        | Noticed an unseen horror
  1340 | D        | Noticed an unseen horror
  1356 | D        | Killed an unseen horror
  1357 | D        | Reached skill level 19 in Axes
  1357 | D        | Killed an unseen horror
  1495 | D        | Reached **** piety under the Shining One
  1514 | D        | Reached ***** piety under the Shining One
  1535 | D        | Reached ****** piety under the Shining One
  1584 | D        | Found Eryched's Weapon Boutique.
  1584 | D        | Found Bijefit's Jewellery Emporium.
  1584 | D        | Found Cifaw's Antique Armour Emporium.
  1592 | D        | Found Roileto's Weapon Shoppe.
  1592 | D        | Found Oruast's Antique Armour Shop.
  1592 | D        | Found Sumius's Book Boutique.
  1599 | D        | Found Daohoip's Antique Weapon Boutique.
  1599 | D        | Found Juoret's Weapon Shoppe.
  1599 | D        | Found Tivuntei's Armour Shop.
  1599 | D        | Found Otasan's Book Emporium.
  1599 | D        | Found Joycagyra's Magic Scroll Boutique.
  1599 | D        | Found Ozehiho's Assorted Antiques.
  1599 | D        | Found Kaoled's Jewellery Shop.
  1603 | D        | Found Ziafiach's General Store.
  1608 | D        | Bought a scroll of identify for 26 gold pieces
  1608 | D        | Bought 3 scrolls of identify for 78 gold pieces
  1611 | D        | Bought a scroll of identify for 42 gold pieces
  1611 | D        | Bought a scroll of identify for 42 gold pieces
  1611 | D        | Bought a scroll of identify for 42 gold pieces
  1613 | D        | Bought a scroll of identify for 20 gold pieces
  1640 | D        | Bought a +3 war axe for 287 gold pieces
  1643 | D        | Bought a distressingly furry ring mail for 225 gold pieces
  1643 | D        | Identified the +6 ring mail of the Blind Marksman {rC++
                  | Will- Dex+4} (You bought it in a shop in the Dungeon)
  1644 | D        | Bought an iridescent sling for 182 gold pieces
  1644 | D        | Identified the +1 sling of the Hidden Planets {heavy, rC+
                  | rCorr} (You bought it in a shop in the Dungeon)
  1646 | D        | Bought a +0 pair of gloves for 58 gold pieces
  1646 | D        | Bought a +0 helmet for 58 gold pieces
  1711 | D        | Bought a +2 buckler of poison resistance for 185 gold
                  | pieces
  1736 | D        | Noticed Sonja
  1742 | D        | Killed Sonja
  1743 | D        | Reached skill level 20 in Axes
  1814 | D        | Found Mivva's Antique Armour Boutique.
  1830 | D        | Noticed a shining eye
  1830 | D        | Noticed a shining eye
  1830 | D        | Noticed a shining eye
  1831 | D        | Gained mutation: You sometimes lose your temper in combat.
                  | [a shining eye]
  1839 | D        | Paralysed by a floating eye for 2 turns
  1844 | D        | Killed a shining eye
  1845 | D        | Killed a shining eye
  1846 | D        | Reached skill level 15 in Invocations
  1846 | D        | Reached XP level 11. HP: 111/111 MP: 14/22
  1847 | D        | Killed a shining eye
  1847 | D        | Noticed a shining eye
  1848 | D        | Reached skill level 21 in Axes
  1849 | D        | Killed a shining eye
  1851 | D        | Noticed a shining eye
  1851 | D        | Gained mutation: You are frail. (-10% HP) [a shining eye]
  1855 | D        | Killed a shining eye
  1857 | D        | Noticed a shining eye
  1865 | D        | Killed a shining eye
  1868 | D        | Noticed a shining eye
  1868 | D        | Noticed a shining eye
  1881 | D        | Killed a shining eye
  1882 | D        | Reached skill level 15 in Fighting
  1883 | D        | Killed a shining eye
  1884 | D        | Reached skill level 22 in Axes
  1894 | D        | Found Goegy's Antique Weapon Shop.
  1894 | D        | Found Nowkou's Jewellery Shoppe.
  1894 | D        | Found Keshaulu's General Store.
  1894 | D        | Found Dogu's General Store.
  1979 | D        | Noticed a lorocyproca
  1993 | D        | Killed a lorocyproca
  2180 | D        | Reached skill level 23 in Axes
  2332 | D        | Noticed a lindwurm
  2335 | D        | Killed a lindwurm
  2373 | D        | Reached skill level 15 in Armour
  2373 | D        | Reached XP level 12. HP: 109/109 MP: 24/24
  2384 | D        | Noticed a 12-headed hydra
  2385 | D        | Killed a 12-headed hydra
  2388 | D        | Reached skill level 24 in Axes
  2417 | D        | Noticed a daeva
  2667 | D        | Killed a daeva
  2821 | D        | Noticed a fire giant
  2825 | D        | Noticed a fire giant
  2828 | D        | Killed a fire giant
  2830 | D        | Noticed a fire giant
  2837 | D        | HP: 2/112 [fire giant/bolt of fire (36)]
  2837 | D        | Killed from afar by a fire giant

Illustrated notes

Levels and vault maps discovered:
D:        dungeon_sprint_1 [red_sonja_temple_1, red_sonja_temple_small_1]

Skill      XL: |  1  2  3  4  5  6  7  8  9 10 11 12 |
---------------+-------------------------------------+-----
Fighting       | 4 6 7 8 10 11 12 14 16 17 | 17.2
Axes           | 5 8 10 12 14 16 18 20 23 24 | 24.9
Armour         | 4 5 6 7 9 10 11 13 15 | 15.9
Invocations    | 3 5 7 8 10 11 13 15 17 18 | 18.2
Shields        | |  3.2

Action                     |  1- 3 |  4- 6 |  7- 9 | 10-12 || total
---------------------------+-------+-------+-------+-------++-------
  Melee: War axe           |    17 |    20 |    46 |   143 ||   226
 Invoke: Summon Divine War |       |       |       |     3 ||     3
  Evoke: Wand              |     1 |       |       |     3 ||     4
    Use: Potion            |       |       |     3 |     4 ||     7
         Scroll            |       |       |     1 |     4 ||     5
 Armour: Scale mail        |     1 |     4 |    14 |    19 ||    38
         Ring mail         |       |       |       |    42 ||    42
  Dodge: Dodged            |     4 |     7 |     4 |    51 ||    66
  Block: Buckler           |     4 |     2 |     5 |    25 ||    36
